 Dungeon Crawl Stone Soup version 0.21-a0-442-g848f44b (webtiles) character file.

86 KristoblXynda the Sneak (level 4, -7/21 HPs)
             Began as a Spriggan Enchanter on Nov 12, 2017.
             Mangled by Grinder (9 damage)
             ... on level 3 of the Dungeon.
             The game lasted 00:04:00 (2532 turns).

KristoblXynda the Sneak (Spriggan Enchanter)        Turns: 2532, Time: 00:04:01

Health: -7/21      AC:  2    Str:  5    XL:     4   Next: 26%
Magic:  4/10       EV: 18    Int: 18    God:
Gold:   94         SH:  0    Dex: 16    Spells: 5/10 levels left

rFire    . . .     SeeInvis +   n - +0 dagger (venom)
rCold    . . .     Gourm    .   (shield restricted)
rNeg     . . .     Faith    .   b - +0 robe
rPois    .         Spirit   .   (helmet restricted)
rElec    .         Reflect  .   (no cloak)
rCorr    .         Harm     .   (gloves unavailable)
MR       .....                  (boots unavailable)
Stlth    +++.......             (no amulet)
HPRegen  0.07/turn              l - +2 ring of intelligence
MPRegen  0.12/turn              (no ring)

@: hasted, very quick
A: unfitting armour, see invisible, herbivore 3, speed 3, slow metabolism 2
a: no special abilities


You were on level 3 of the Dungeon.
You were not hungry.

You visited 1 branch of the dungeon, and saw 3 of its levels.

You collected 94 gold pieces.

Inventory:

Hand Weapons
 a - a +1 dagger
 n - a +0 dagger of venom (weapon)
Armour
 b - a +0 robe (worn)
Jewellery
 l - a +2 ring of intelligence (left hand)
Scrolls
 j - a scroll of remove curse
Potions
 e - a potion of haste
 f - 2 potions of invisibility
 m - a potion of curing {unknown}
 o - a potion of heal wounds {unknown}
Books
 c - a book of Maledictions

   Spells                             Type                      Level
   a - Corona                         Hexes                        1
   b - Ensorcelled Hibernation        Hexes/Ice                    2
   c - Confuse                        Hexes                        3
   d - Tukima's Dance                 Hexes                        3
   e - Dazzling Spray                 Conjuration/Hexes            3
Comestibles
 d - 2 bread rations


   Skills:
 - Level 1.1 Short Blades
 - Level 3.0 Dodging
 + Level 5.8 Stealth
 + Level 3.9 Spellcasting
 + Level 4.6 Hexes


You had 5 spell levels left.
You knew the following spells:

 Your Spells              Type           Power        Failure   Level  Hunger
b - Ensorcelled Hibernat  Hex/Ice        ##....       9%          2    ##.....
c - Confuse               Hex            ###.....     7%          3    ###....


Dungeon Overview and Level Annotations

Branches:
Dungeon (3/15)

Altars:
Elyvilon

Annotations:
D:3 Grinder


Innate Abilities, Weirdness & Mutations

You are very small and have problems with some larger weapons.
You are too small for most types of armour.
You have supernaturally acute eyesight. (SInv)
You are a herbivore.
You cover ground extremely quickly.
You need consume almost no food.


Message History

You see here 8 gold pieces.
Grinder gestures at you.
You struggle to resist.
Casting: Ensorcelled Hibernation
Confirm with . or Enter, or press ? or * to list all spells.
Aiming: Confuse
Press: ? - help, Shift-Dir - straight line, f - Grinder
Aim: Grinder (chance to defeat MR: 50%) Grinder resists with some effort.
Casting: Confuse
Confirm with . or Enter, or press ? or * to list all spells.
Aiming: Confuse
Press: ? - help, Shift-Dir - straight line, f/p - Grinder
Aim: Grinder (chance to defeat MR: 50%) Grinder resists with some effort.
Grinder hits you!
Ouch! That really hurt!
You writhe in agony.
* * * LOW HITPOINT WARNING * * *
It was a potion of haste.
You feel yourself speed up. Grinder hits you!
You die...

##################
#.................
#.################
#.# #$# #@# #5#
#.# #.# #.# #.#
#.# ### #.# #..
#.# #..


You could see Grinder.

Vanquished Creatures
  4 adders
  2 worms (D:2)
  3 leopard geckos
  A ball python (D:2)
  5 bats
  3 giant cockroaches (D:2)
  3 goblins (D:2)
  3 hobgoblins
  2 jackals (D:3)
  2 quokkas
  3 frilled lizards
  7 kobolds
  3 rats (D:2)
41 creatures vanquished.

Notes
Turn   | Place    | Note
-------+----------+-------------------------------------------
     0 | D:1      | KristoblXynda the Spriggan Enchanter began the quest for the Orb.
     0 | D:1      | Reached XP level 1. HP: 9/9 MP: 5/5
   661 | D:1      | Reached XP level 2. HP: 12/13 MP: 7/7
   677 | D:1      | Learned a level 2 spell: Ensorcelled Hibernation
  1186 | D:2      | Reached skill level 5 in Stealth
  1206 | D:2      | Found a white marble altar of Elyvilon.
  1212 | D:2      | Reached XP level 3. HP: 16/16 MP: 5/8
  1217 | D:2      | Learned a level 3 spell: Confuse
  2051 | D:2      | Reached XP level 4. HP: 17/21 MP: 10/10
  2523 | D:3      | Noticed Grinder
  2532 | D:3      | Mangled by Grinder

Vault maps used:
D:1:      nicolae_arrival_somewhat_less_tricky_arrival
D:2:      elyvilon_altar_4
D:3:      uniq_ijyb, uniq_natasha, uniq_grinder

Skill      XL: |  1  2 |
---------------+-------+-----
Spellcasting   | 3 |  3.9
Hexes          | 4 |  4.6
Stealth        | 5 |  5.8
Short Blades   | |  1.1
Dodging        | |  3.0

Action                   |  1- 3 |  4- 6 || total
-------------------------+-------+-------++-------
Melee: Dagger            |   117 |    24 ||   141
 Cast: Ensorcelled Hiber |     6 |       ||     6
       Confuse           |     3 |     2 ||     5
  Use: Scroll            |       |     6 ||     6
       Potion            |       |     1 ||     1
 Stab: Sleeping          |    12 |     1 ||    13
       Confused          |     1 |       ||     1
Armor: Robe              |     9 |     3 ||    12
Dodge: Dodged            |   109 |    17 ||   126

Table legend:
 A = Spawn XP
 B = Non-spawn XP
 C = Spawn XP percentage of total XP
 D = Spawn monster count
 E = Non-spawn monster count
 F = Spawn count percentage of total count
 G = Total turns spent on level
                    A         B        C        D         E        F      G
               +---------+---------+-------+---------+---------+-------+---------
         Total |       0 |     123 |   0.0 |       0 |      41 |   0.0 |  2532
               +---------+---------+-------+---------+---------+-------+---------
           D:1 |       0 |      19 |   0.0 |       0 |      10 |   0.0 |  1160
           D:2 |       0 |      82 |   0.0 |       0 |      25 |   0.0 |  1188
           D:3 |       0 |      22 |   0.0 |       0 |       6 |   0.0 |   184
               +---------+---------+-------+---------+---------+-------+---------
